 Dungeon Crawl Stone Soup version 0.30.0-29-ga12c61a403 (webtiles) character file.

Game seed: 13267775663920555447

184915 Graphine the Apostle (level 17, -6/170 HPs)
             Began as a Hill Orc Fighter on June 20, 2023.
             Was a High Priest of Beogh.
             Mangled by a reaper
             ... wielding a +2 heavy scythe
              (29 damage)
             ... on level 3 of the Abyss.
             The game lasted 01:47:53 (28366 turns).

Graphine the Apostle (Hill Orc Fighter)            Turns: 28366, Time: 01:47:54

Health: -6/170     AC: 36    Str: 27    XL:     17   Next: 68%
Magic:  31/31      EV:  6    Int: 12    God:    Beogh [*****.]
Gold:   2359       SH: 24    Dex:  9    Spells: 24/24 levels left

rFire   + + .        u - +5 war axe (heavy)
rCold   + + .        n - +4 tower shield
rNeg    . . .        X - +8 plate armour of Mental Paralysis {rF+ rC+}
rPois   .            C - +1 hat
rElec   .            v - +2 cloak
rCorr   .            t - +2 pair of gloves {Str+3}
SInv    .            k - +3 pair of mountain boots {steadfast, rC+}
Will    ++...        f - amulet of reflection Stlth
                     N - ring of willpower
HPRegen 0.00/turn    G - ring of protection from fire
MPRegen 0.22/turn

%: reflection
@: sick
A: walk on water, antennae 1, iridescent scales 1, clever 1, deterioration 1,
weak 1, no potion heal 1, MP-powered wands
}: 2/15 runes: barnacled, gossamer
a: Renounce Religion, Smiting, Recall Orcish Followers, Give Item to Named
Follower


You were on level 3 of the Abyss.
You worshipped Beogh.
Beogh was extremely pleased with you.
You visited 7 branches of the dungeon, and saw 28 of its levels.
You visited the Abyss 1 time.
You also visited: Sewer, Volcano and Wizlab.

You collected 3031 gold pieces.
You spent 672 gold pieces at shops.

Inventory:

Hand Weapons
 u - a +5 heavy war axe (weapon)
Missiles
 c - 12 throwing nets
 w - 7 datura-tipped darts (quivered)
Armour
 k - the +3 pair of mountain boots (worn) {steadfast, rC+}
   (You acquired it on level 2 of the Dungeon)

   Steadfast: It prevents involuntary movement, except for blinking,
   teleportation, or banishment.
   rC:        It protects you from cold.
 n - a +4 tower shield (worn)
 t - a +2 pair of gloves of strength (worn)
 v - a +2 cloak (worn)
 C - a +1 hat (worn)
 X - the +8 plate armour of Mental Paralysis (worn) {rF+ rC+}
   (You bought it in a shop on level 2 of the Orcish Mines)

   rF:        It protects you from fire.
   rC:        It protects you from cold.
Jewellery
 f - an amulet of reflection (around neck)
 o - an amulet of guardian spirit
 D - a ring of resist corrosion
 F - a +4 ring of protection
 G - a ring of protection from fire (right hand)
 N - a ring of willpower (left hand)
 T - the amulet of Lethrodo {Regen+ Dex+4}
   (You found it on level 4 of the Shoals)

   [amulet of regeneration]

   Dex:       It affects your dexterity (+4).
   Regen:     It increases your rate of health regeneration.
 U - a ring of positive energy
 V - an amulet of the acrobat
 W - a ring of fire
Wands
 i - a wand of polymorph (23)
 x - a wand of light (8)
 y - a wand of flame (15)
 K - a wand of charming (24)
 L - a wand of digging (6)
 O - a wand of iceblast (20)
Scrolls
 a - 3 scrolls of identify
 b - 6 scrolls of vulnerability
 e - 2 scrolls of poison
 g - a scroll of blinking
 h - 8 scrolls of immolation
 l - 9 scrolls of teleportation
 E - 6 scrolls of amnesia
 H - a scroll of magic mapping
 Q - 2 scrolls of silence
Potions
 d - 4 potions of lignification
 j - 7 potions of haste
 m - 6 potions of flight
 p - 3 potions of cancellation
 q - 8 potions of curing
 r - 2 potions of invisibility
 z - 2 potions of mutation
 A - 3 potions of brilliance
 B - 2 potions of magic
 I - 2 potions of attraction
 M - 6 potions of ambrosia
 Y - a potion of berserk rage
Miscellaneous
 S - a lightning rod (4/4)


   Skills:
 - Level 20.0 Fighting
 - Level 16.1 Axes
 - Level 10.0 Armour
 - Level 10.0 Shields
 + Level 4.1 Spellcasting
 - Level 20.0 Invocations
 - Level 13.0 Evocations


You had 24 spell levels left.
You didn't know any spells.
Your spell library contained the following spells:

 Spells                   Type           Power      Damage    Failure   Level
 Kiss of Death            Conj/Necr      8%         2d6       99%         1
 Magic Dart               Conj           8%         1d3       99%         1
 Shock                    Conj/Air       8%         1d3       99%         1
 Sting                    Tmut/Pois      8%         1d3       99%         1
 Call Imp                 Summ           4%         N/A       100%        2
 Cigotuvi's Dreadful Rot  Necr/Pois/Air  4%         N/A       100%        2
 Ensorcelled Hibernation  Hex/Ice        4%         N/A       100%        2
 Passwall                 Tmut/Erth      1%         N/A       100%        2
 Poisonous Vapours        Pois/Air       4%         N/A       100%        2
 Searing Ray              Conj           4%         2d4       100%        2
 Static Discharge         Conj/Air       4%         2-3/arc   100%        2
 Confusing Touch          Hex            2%         N/A       100%        3
 Dazzling Flash           Conj/Hex       4%         N/A       100%        3
 Hailstorm                Conj/Ice       2%         3d3       100%        3
 Ignite Poison            Fire/Tmut/Pois 2%         N/A       100%        3
 Mephitic Cloud           Conj/Pois/Air  2%         N/A       100%        3
 Ozocubu's Armour         Ice            2%         N/A       100%        3
 Portal Projectile        Hex/Tloc       4%         N/A       100%        3
 Swiftness                Air            2%         N/A       100%        3
 Tukima's Dance           Hex            2%         N/A       100%        3
 Volatile Blastmotes      Fire/Tloc      4%         2d10      100%        3
 Airstrike                Air            1%         2d(1-17)  100%        4
 Dispel Undead            Necr           2%         3d7       100%        4
 Fulminant Prism          Conj/Hex       1%         3d5       100%        4
 Ice Form                 Ice/Tmut       2%         N/A       100%        4
 Iskenderun's Mystic Bla  Conj/Tloc      2%         2d3       100%        4
 Olgreb's Toxic Radiance  Pois           2%         N/A       100%        4
 Petrify                  Tmut/Erth      2%         N/A       100%        4
 Summon Ice Beast         Ice/Summ       2%         N/A       100%        4
 Summon Lightning Spire   Summ/Air       2%         N/A       100%        4
 Blade Hands              Tmut           1%         N/A       100%        5
 Freezing Cloud           Conj/Ice/Air   1%         6-21      100%        5
 Metabolic Englaciation   Hex/Ice        1%         N/A       100%        5
 Summon Mana Viper        Hex/Summ       2%         N/A       100%        5
 Death Channel            Necr           1%         N/A       100%        6
 Simulacrum               Ice/Necr       1%         N/A       100%        6
 Starburst                Conj/Fire      1%         6d3       100%        6
 Statue Form              Tmut/Erth      1%         N/A       100%        6
 Monstrous Menagerie      Summ           1%         N/A       100%        7


Dungeon Overview and Level Annotations

Branches:
Dungeon (11/15)            Temple (1/1) D:6            Lair (3/5) D:11
 Shoals (4/4) Lair:3       Spider (4/4) Lair:3          Orc (2/2) D:11
    Elf (3/3) Orc:2         Sewer (visited)         Volcano (visited)
 WizLab (visited)

Altars:
Ashenzari
Cheibriados
Dithmenos
Elyvilon
Fedhas
Gozag
Hepliaklqana
Kikubaaqudgha
Makhleb
Nemelex Xobeh
Okawaru
Qazlal
Ru
Sif Muna
Trog
Uskayaw
Vehumet
Wu Jian
Xom
Yredelemnul
Zin
The Shining One

Shops:
D:3 (   Orc:2 !([*=   Elf:2 [   Shoals:3 :

Annotations:
D:9 4 transporters
Shoals:2 Mlioglotl
Elf:1 2 transporters, purpleHaze's ghost, journeyman TrEE


Innate Abilities, Weirdness & Mutations

You can walk on water.
You have a pair of small antennae on your head.
You are partially covered in iridescent scales. (AC +2)
Your mind is acute. (Int +4, Str/Dex -1)
Your body sometimes deteriorates upon taking damage.
You are weak. (Str -2)
Potions are less effective at restoring your health.
You expend magic power (3 MP) to strengthen your wands.


Message History

Your sixfirhy hits the reaper.
Your sixfirhy shocks the reaper!
Your sixfirhy misses the reaper.
Your sixfirhy barely misses the reaper.
Your red devil hits the reaper but does no damage.
Your chaos spawn barely misses the reaper.
You block the reaper's attack.
Your sixfirhy hits the reaper.
Your sixfirhy shocks the reaper!
Your sixfirhy barely misses the reaper.
A thrashing horror comes into view.
Your sixfirhy closely misses the reaper.
Your red devil barely misses the reaper.
Your chaos spawn hits the reaper.
The thrashing horror tramples Margrim but does no damage. x2
The thrashing horror tramples your red devil.
Your red devil holds its ground!
The thrashing horror tramples your red devil but does no damage.
You block the reaper's attack.
Your red devil hits the thrashing horror with a +0 trident!
The thrashing horror is skewered by barbed spikes.
Your chaos spawn barely misses the reaper.
The thrashing horror tramples your red devil!
Your red devil is shoved backwards!
Margrim writhes in pain as voices assail its mind.
Cleave: u) +5 war axe (heavy)
Press: ? - help, Dir - move target, f - thrashing horror
Aim: a thrashing horror (moderately damaged, skewered by barbs, ally target, about 26% to evade your +5 heavy war axe)
You slash the thrashing horror!
The thrashing horror is heavily damaged.
Your sixfirhy disappears in a puff of smoke!
Your chaos spawn degenerates into a cloud of primal chaos!
The thrashing horror tramples Margrim.
Margrim holds its ground!
The thrashing horror tramples Margrim.
Margrim stumbles backwards!
You block the thrashing horror's attack.
The thrashing horror tramples you but does no damage.
The thrashing horror tramples your red devil!
Your red devil holds its ground!
The thrashing horror tramples your red devil but does no damage.
Your red devil hits the thrashing horror with a +0 trident!
The thrashing horror is skewered by barbed spikes.
The reaper hits you from afar with a +2 heavy scythe!!
You die...

...##. ...#.
....## # #
...... . . .
#.X.### ...#..
#o....# .
#.§X†.# .)...
.#
...#2.@4.#..#.#
#.
.....§.†.†.....
. . #
...#........###
#.......#.)##
.. #.
##........# ...
#.........##
..# . #
#.#......#). #
.#
#..##..._#...
#. . . .#... #
## #


You could see a reaper, 2 thrashing horrors, the friendly Margrim the orc
sorcerer (sick) and a friendly red devil (summoned).

Vanquished Creatures
  Bai Suzhen (Elf:3)
  A deep elf blademaster (Elf:3)
  A kraken (Shoals:3)
  An emperor scorpion (Spider:4)
  Ilsuiw (Shoals:3)
  2 ghost moths
  2 broodmothers
  A deep elf elementalist (Elf:3)
  A draconian annihilator (Abyss:3)
  A very ugly thing (Abyss:3)
  A deep elf annihilator (Elf:3)
  4 deep elf death magi
  2 merfolk javelineers (Shoals:4)
  3 merfolk impalers
  A radroach (Spider:4)
  2 two-headed ogres
  A boulder beetle (Spider:4)
  A satyr (Shoals:3)
  10 dancing weapons
  3 merfolk aquamancers
  2 death scarabs (Spider:4)
  A thrashing horror (Abyss:3)
  2 orc high priests (Orc:2)
  8 deep elf knights
  2 skysharks
  A sixfirhy (Abyss:3)
  A shadow demon (Abyss:3)
  2 sea snakes (Shoals:2)
  A wizard (Volcano)
  7 deep elf archers
  5 harpies
  3 large abominations (Abyss:3)
  3 orc knights (Orc:2)
  Pikel (D:4)
  12 deep elf pyromancers
  10 deep elf zephyrmancers
  A cyclops (Volcano)
  2 orc sorcerers
  4 wolf spiders (Spider:4)
  4 manticores
  4 fauns (Shoals:3)
  A moth of wrath (Spider:4)
  Joseph (D:8)
  2 salamanders (Volcano)
  2 water nymphs (Shoals:2)
  4 merfolk sirens
  2 smoke demons (Abyss:3)
  A gargoyle (Volcano)
  A dire elephant skeleton (Abyss:3)
  3 molten gargoyles (Volcano)
  A cane toad (Lair:3)
  3 komodo dragons
  2 rime drakes (Lair:1)
  6 merfolk
  4 wind drakes
  2 trolls
  4 tarantellas
  A raiju (Abyss:3)
  A snapping turtle (Shoals:2)
  A spectral tarantella (Spider:4)
  2 jumping spiders (Spider:4)
  An air elemental (Elf:3)
  A culicivora (Spider:3)
  3 water elementals
  2 wyverns
  2 ynoxinuls (Abyss:3)
  4 yaks
  4 wraiths
  3 fire bats (Abyss:3)
  13 redbacks
  15 starcursed masses (Abyss:3)
  Grum (D:8)
  2 fire elementals (Elf:2)
  A chaos spawn (Abyss:3)
  A neqoxec (Abyss:3)
  A steam dragon (D:8)
  Menkaure (D:7)
  A warg (Orc:2)
  A water moccasin (D:5)
  Pargi (Sewer)
  A black bear (D:6)
  4 orc warriors
  3 sky beasts
  11 wolves
  2 ice beasts
  An ogre (Orc:2)
  3 centaurs
  2 lemures (D:4)
  2 phantoms (D:6)
  3 kobold brigands
  5 gnoll sergeants (D:8)
  A bullfrog (Lair:3)
  2 scorpions
  An earth elemental (Elf:3)
  11 wights
  13 killer bees
  2 electric eels (D:8)
  2 howler monkeys (D:8)
  A crimson imp (Orc:2)
  A jelly (D:7)
  4 orc priests
  11 hounds
  4 gnoll boudas (D:8)
  2 iguanas
  Jessica (D:2)
  6 orc wizards
  Terence (D:3)
  4 small abominations (Abyss:3)
  38 gnolls
  11 adders
  3 river rats
  3 shadow imps
  A white imp (D:5)
  3 ufetubi
  2 worms
  4 dart slugs
  32 orcs
  5 endoplasms
  8 giant cockroaches
  6 goblins
  10 hobgoblins
  6 jackals
  18 kobolds
  3 quokkas
  6 ball pythons
  5 bats
  2 frilled lizards
  20 rats
  A starspawn tentacle (Abyss:3)
  A tentacle (Shoals:3)
510 creatures vanquished.

Vanquished Creatures (collateral kills)
  Nikola (Spider:2)
  A tentacled starspawn (Abyss:3)
  Roxanne (Spider:2)
  3 emperor scorpions
  Louise (Shoals:1)
  A ghost moth (Spider:4)
  A broodmother (Spider:2)
  2 very ugly things (Abyss:3)
  2 spark wasps
  A merfolk javelineer (Shoals:3)
  4 merfolk impalers
  A deep elf death mage (Elf:2)
  5 entropy weavers
  A deep elf high priest (Elf:2)
  2 hydras (Lair:2)
  3 merfolk avatars
  3 jorogumos (Spider:4)
  2 alligator snapping turtles
  2 satyrs
  2 radroaches
  A two-headed ogre (D:11)
  6 merfolk aquamancers
  6 death scarabs (Spider:4)
  2 orc high priests (Orc:2)
  19 dancing weapons
  A thrashing horror (Abyss:3)
  2 deep elf knights
  Nergalle (Lair:2)
  A skyshark (Shoals:3)
  3 pharaoh ants (Spider:4)
  6 sea snakes
  An orc knight (Orc:2)
  5 orb spiders
  2 deep elf archers (Elf:2)
  5 steelbarb worms
  10 harpies
  A spectral jorogumo (Spider:4)
  12 deep elf pyromancers
  8 deep elf zephyrmancers
  2 spectral wolf spiders (Spider:4)
  8 wolf spiders
  3 manticores
  7 cyclopes
  3 moths of wrath
  4 merfolk sirens
  2 cane toads (Lair:1)
  3 water nymphs
  6 demonic crawlers
  3 torpor snails
  A rime drake (Lair:3)
  3 spectral redbacks (Spider:4)
  An ice devil (Abyss:3)
  6 komodo dragons
  A redback zombie (Spider:4)
  An ancient zyme (Abyss:3)
  2 trolls
  15 merfolk
  A hellwing (Abyss:3)
  4 wind drakes
  A hornet (D:9)
  16 tarantellas
  2 spectral tarantellas (Spider:4)
  5 raiju (Abyss:3)
  8 snapping turtles
  A spectral culicivora (Spider:4)
  2 spectral jumping spiders (Spider:4)
  6 dream sheep (Shoals:3)
  7 blink frogs
  A tarantella zombie (Spider:4)
  13 jumping spiders
  2 shadows (D:11)
  11 culicivoras
  2 wraiths (D:11)
  A ynoxinul (Abyss:3)
  9 water elementals
  10 yaks
  A fire bat (Abyss:3)
  2 fire elementals
  40 redbacks
  A large abomination (Abyss:3)
  5 water moccasins
  3 small abominations (Abyss:3)
  13 orc warriors
  A swamp drake (Orc:2)
  An ogre (Orc:2)
  6 starcursed masses (Abyss:3)
  14 wolves
  2 bullfrogs
  3 earth elementals
  A lava snake (D:11)
  A quasit (Abyss:3)
  2 iron imps
  10 orc priests
  3 orc wizards
  2 river rats (D:10)
  A shadow imp (Orc:2)
  2 white imps
  10 orcs
  A kobold (D:10)
  2 rats (D:10)
  A butterfly (Lair:2)
  A tentacle (Shoals:3)
433 creatures vanquished.

Vanquished Creatures (others)
  3 orc warlords
  An orc sorcerer (Abyss:3)
  2 orc high priests
  A deep elf knight (Elf:1)
  4 orc knights
  A deep elf zephyrmancer (Elf:1)
  14 orc warriors
  20 orc priests
  3 iguanas (D:7)
  9 orc wizards
  37 orcs
  A jackal (D:8)
  A lurking horror (Abyss:3)
  3 starspawn tentacles (Abyss:3)
  7 tentacles (Shoals:3)
107 creatures vanquished.

Grand Total: 1050 creatures vanquished

Notes
Turn   | Place    | Note
-------+----------+-------------------------------------------
     0 | D:1      | Graphine the Hill Orc Fighter began the quest for the Orb.
     0 | D:1      | Reached XP level 1. HP: 19/19 MP: 1/1
   173 | D:1      | Reached XP level 2. HP: 21/27 MP: 2/2
   319 | D:1      | Reached skill level 1 in Invocations
   534 | D:1      | Found a faded altar of an unknown god.
   857 | D:2      | Reached XP level 3. HP: 31/33 MP: 3/3
   936 | D:2      | Reached XP level 4. HP: 2/40 MP: 5/5
  1152 | D:2      | Identified the +3 leather armour "Qagutybas" {rPois Int+5}
  1432 | D:2      | Reached XP level 5. HP: 46/47 MP: 6/6
  1667 | D:2      | Noticed Jessica
  1680 | D:2      | Killed Jessica
  2057 | D:2      | Identified a scroll of acquirement
  2057 | D:2      | Acquired the +3 pair of mountain boots {steadfast, rC+}
  2057 | D:2      | Found the +3 pair of mountain boots {steadfast, rC+}
  2087 | D:3      | Found a glowing drain.
  2102 | Sewer    | Entered a sewer
  2154 | Sewer    | Noticed Pargi
  2161 | Sewer    | Killed Pargi
  2162 | Sewer    | Reached XP level 6. HP: 49/55 MP: 8/8
  2316 | D:3      | Noticed Terence
  2325 | D:3      | Killed Terence
  2326 | D:3      | Reached skill level 5 in Fighting
  2776 | D:3      | Found Ucasapn's Antique Weapon Shop.
  3111 | D:4      | Noticed Pikel
  3142 | D:4      | Killed Pikel
  3143 | D:4      | Reached skill level 5 in Axes
  3143 | D:4      | Reached skill level 5 in Armour
  3143 | D:4      | Reached skill level 5 in Shields
  3143 | D:4      | Reached XP level 7. HP: 26/62 MP: 8/10
  3773 | D:5      | Entered Level 5 of the Dungeon
  3783 | D:5      | Reached XP level 8. HP: 62/70 MP: 11/11
  3871 | D:5      | Reached skill level 5 in Invocations
  4362 | D:6      | Found a staircase to the Ecumenical Temple.
  4389 | Temple   | Entered the Ecumenical Temple
  4557 | D:6      | Reached XP level 9. HP: 59/79 MP: 13/13
  4683 | D:6      | Found a snail-covered altar of Cheibriados.
  5131 | D:6      | Found an ornate altar of the Wu Jian Council.
  5355 | D:7      | Noticed Menkaure
  5366 | D:7      | Killed Menkaure
  5698 | D:7      | Found a shimmering altar of Xom.
  6002 | D:7      | Found a hazy altar of Hepliaklqana.
  6237 | D:8      | Became a worshipper of Beogh the Brigand
  6345 | D:8      | Found a glowing golden altar of the Shining One.
  6417 | D:8      | Reached * piety under Beogh
  6428 | D:8      | Reached XP level 10. HP: 17/88 MP: 15/15
  6869 | D:8      | Found a sparkling altar of Nemelex Xobeh.
  6906 | D:8      | Reached ** piety under Beogh
  7157 | D:8      | Noticed Joseph
  7157 | D:8      | Noticed Grum
  7172 | D:8      | Killed Joseph
  7177 | D:8      | Killed Grum
  7564 | D:8      | Reached *** piety under Beogh
  7726 | D:8      | Found an iron altar of Okawaru.
  8303 | D:9      | Found a transporter.
  8321 | D:9      | Found a transporter.
  8358 | D:9      | Found a transporter.
  8378 | D:9      | Found a transporter.
  8645 | D:9      | Noticed a cyclops
  8646 | D:9      | Found a shimmering blue altar of Sif Muna.
  8651 | D:9      | Killed a cyclops
  8652 | D:9      | Found a broken altar of Ashenzari.
  8712 | D:10     | Entered Level 10 of the Dungeon
  8805 | D:10     | Found a basalt altar of Yredelemnul.
  8949 | D:10     | Noticed a two-headed ogre
  8957 | D:10     | Killed a two-headed ogre
  8958 | D:10     | Reached skill level 10 in Axes
  8958 | D:10     | Reached XP level 11. HP: 93/97 MP: 16/18
  9133 | D:10     | Found a sacrificial altar of Ru.
  9133 | D:10     | Found a hide-covered altar of Uskayaw.
  9267 | D:10     | Reached **** piety under Beogh
  9589 | D:11     | Killed a cyclops
  9596 | D:11     | Noticed a cyclops
  9599 | D:11     | Found a staircase to the Lair.
  9600 | D:11     | Killed a cyclops
  9637 | D:11     | Found a staircase to the Orcish Mines.
  9643 | D:11     | Noticed a two-headed ogre
  9650 | D:11     | Killed a two-headed ogre
  9651 | D:11     | Reached skill level 10 in Fighting
  9784 | D:11     | Reached skill level 10 in Invocations
  9966 | D:11     | Noticed a two-headed ogre
  9973 | D:11     | Killed a two-headed ogre
 10448 | Orc:1    | Entered Level 1 of the Orcish Mines
 10468 | Orc:1    | Reached ***** piety under Beogh
 10615 | Orc:2    | Entered Level 2 of the Orcish Mines
 10626 | Orc:2    | Noticed an orc sorcerer
 10627 | Orc:2    | Noticed an orc warlord
 10630 | Orc:2    | Gained Murdo as an ally
 10634 | Orc:2    | Gained Warbeogh as an ally
 10637 | Orc:2    | Killed an orc sorcerer
 10639 | Orc:2    | Your ally Warbeogh died
 10645 | Orc:2    | Your ally Murdo died
 10649 | Orc:2    | Gained Horkud as an ally
 10798 | Orc:2    | Noticed an orc knight
 10803 | Orc:2    | Gained Judas as an ally
 10806 | Orc:2    | Noticed an orc high priest
 10808 | Orc:2    | Noticed an orc knight
 10813 | Orc:2    | Killed an orc knight
 10823 | Orc:2    | Killed an orc knight
 10826 | Orc:2    | Killed an orc high priest
 11082 | Orc:2    | Noticed an orc high priest
 11082 | Orc:2    | Noticed an orc knight
 11085 | Orc:2    | Noticed a soul eater
 11085 | Orc:2    | Noticed an orc high priest
 11087 | Orc:2    | Noticed a sun demon
 11091 | Orc:2    | Noticed an orc high priest
 11094 | Orc:2    | Gained Orbeogh as an ally
 11095 | Orc:2    | Killed an orc high priest
 11096 | Orc:2    | Reached skill level 10 in Armour
 11096 | Orc:2    | Reached XP level 12. HP: 55/108 MP: 20/20
 11096 | Orc:2    | Killed an orc high priest
 11097 | Orc:2    | Reached skill level 10 in Shields
 11100 | Orc:2    | Noticed an orc high priest
 11105 | Orc:2    | Killed an orc high priest
 11296 | Orc:2    | Found Nakox's General Store.
 11299 | Orc:2    | Found Royghiom's Antique Armour Shop.
 11300 | Orc:2    | Found Vejah's Jewellery Boutique.
 11301 | Orc:2    | Found Oruh's Weapon Boutique.
 11311 | Orc:2    | Bought a brightly glowing plate armour for 672 gold pieces
 11311 | Orc:2    | Identified the +8 plate armour of Mental Paralysis {rF+
                  | rC+} (You bought it in a shop on level 2 of the Orcish
                  | Mines)
 11456 | Orc:2    | Gained Beowulf as an ally
 11477 | Orc:2    | Identified the +5 hat "Uloucuvu" {Harm rF++ Str-4 Int-3}
 11709 | Orc:2    | Found Sizamef's Distillery.
 11825 | Orc:2    | Found a staircase to the Elven Halls.
 11966 | Lair:1   | Entered Level 1 of the Lair of Beasts
 12063 | Lair:1   | Reached ****** piety under Beogh
 12133 | Lair:1   | Gained Ognian as an ally
 12399 | Lair:1   | Found a dark tunnel.
 12461 | Lair:1   | Your ally Judas died
 12470 | Volcano  | Entered a volcano
 12732 | Volcano  | Noticed an orb of fire
 12764 | Volcano  | Noticed an orb of fire
 12877 | Volcano  | Reached XP level 13. HP: 99/119 MP: 22/22
 13665 | Lair:2   | Gained mutation: You are dopey. (Int -2) [potion of
                  | mutation]
 13665 | Lair:2   | Gained mutation: You have hidden genetic defects. [potion
                  | of mutation]
 13666 | Lair:2   | Lost mutation: You have hidden genetic defects. [potion of
                  | mutation]
 13666 | Lair:2   | Lost mutation: You are dopey. (Int -2) [potion of mutation]
 13666 | Lair:2   | Gained mutation: You possess an exceptional clarity of
                  | mind. [potion of mutation]
 13666 | Lair:2   | Gained mutation: You have a pair of small horns on your
                  | head. [potion of mutation]
 13666 | Lair:2   | Gained mutation: You are partially covered in iridescent
                  | scales. (AC +2) [potion of mutation]
 13721 | Lair:2   | Noticed Nergalle
 13731 | Lair:2   | Killed Nergalle
 14282 | Lair:3   | Identified the +1 leather armour of True Grit {+Inv rC-
                  | Str+7}
 14474 | Lair:3   | Found a hole to the Spider Nest.
 14768 | Lair:3   | Found a staircase to the Shoals.
 14905 | Spider:1 | Entered Level 1 of the Spider Nest
 14941 | Spider:1 | Noticed an entropy weaver
 14952 | Spider:1 | Killed an entropy weaver
 15173 | Spider:1 | Reached skill level 15 in Axes
 15434 | Spider:1 | Reached skill level 15 in Invocations
 15627 | Spider:2 | Noticed an entropy weaver
 15633 | Spider:2 | Killed an entropy weaver
 15644 | Spider:2 | Noticed an entropy weaver
 15651 | Spider:2 | Killed a ghost moth
 15653 | Spider:2 | Killed an entropy weaver
 15654 | Spider:2 | Reached XP level 14. HP: 57/133 MP: 1/25
 15657 | Spider:2 | Your ally Horkud died
 15750 | Spider:2 | Noticed a broodmother
 15756 | Spider:2 | Killed a broodmother
 15889 | Spider:2 | Noticed Roxanne
 15897 | Spider:2 | Killed Roxanne
 15975 | Spider:2 | Noticed Nikola
 15984 | Spider:2 | Killed Nikola
 15985 | Spider:2 | Reached skill level 15 in Fighting
 16459 | Spider:3 | Reached skill level 1 in Evocations
 16513 | Spider:3 | Noticed a broodmother
 16528 | Spider:3 | Killed a broodmother
 16607 | Spider:3 | Noticed an emperor scorpion
 16612 | Spider:3 | Identified the +0 pair of gloves of the Little Devil
                  | {Int+4}
 16617 | Spider:3 | Killed an emperor scorpion
 16619 | Spider:3 | Your ally Beowulf died
 16939 | Spider:4 | Entered Level 4 of the Spider Nest
 17238 | Spider:4 | Killed a ghost moth
 17443 | Spider:4 | Noticed an emperor scorpion
 17457 | Spider:4 | Killed an emperor scorpion
 17519 | Spider:4 | Noticed a broodmother
 17532 | Spider:4 | Killed a broodmother
 17846 | Spider:4 | Killed a ghost moth
 17847 | Spider:4 | Reached skill level 5 in Evocations
 18076 | Spider:4 | Noticed an emperor scorpion
 18091 | Spider:4 | Killed an emperor scorpion
 18422 | Spider:4 | Reached XP level 15. HP: 144/144 MP: 27/27
 18922 | Spider:4 | Gained Wulfoc as an ally
 18927 | Spider:4 | Gained Morbeogh as an ally
 19124 | Spider:4 | Got a gossamer rune of Zot
 19149 | Spider:4 | Noticed an emperor scorpion
 19157 | Spider:4 | Killed an emperor scorpion
 19355 | Shoals:1 | Entered Level 1 of the Shoals
 19355 | Shoals:1 | Noticed Louise
 19361 | Shoals:1 | Killed Louise
 20575 | Shoals:3 | Noticed Ilsuiw
 20578 | Shoals:3 | Your ally Morbeogh died
 20606 | Shoals:3 | Your ally Orbeogh died
 20638 | Shoals:3 | Killed Ilsuiw
 20882 | Shoals:4 | Entered Level 4 of the Shoals
 20917 | Shoals:4 | Identified the amulet of Lethrodo {Regen+ Dex+4}
 20975 | Shoals:4 | Reached XP level 16. HP: 85/155 MP: 29/29
 21131 | Shoals:4 | Identified the +3 flail "Huang" {speed, Int+3}
 21457 | Shoals:4 | Your ally Wulfoc died
 21808 | Shoals:3 | Found Osyrghuoth's Book Emporium.
 21899 | Shoals:3 | Noticed a kraken
 21921 | Shoals:3 | Killed a kraken
 22396 | Shoals:4 | Got a barnacled rune of Zot
 22467 | Shoals:2 | Noticed Mlioglotl
 22480 | Shoals:2 | Gained mutation: Your body sometimes deteriorates upon
                  | taking damage. [a neqoxec]
 22483 | Shoals:2 | Noticed a tentacled starspawn
 22484 | Shoals:2 | Gained mutation: You have hidden genetic defects. [a
                  | neqoxec]
 22907 | Elf:1    | Entered Level 1 of the Elven Halls
 24072 | Elf:1    | Noticed purpleHaze's ghost (journeyman TrEE)
 24081 | Elf:1    | Found a transporter.
 24184 | Elf:1    | Reached skill level 10 in Evocations
 24419 | Elf:1    | Found a transporter.
 24552 | Elf:1    | Noticed a golden dragon
 24552 | Elf:1    | a golden dragon changed into a caustic shrike
 24552 | Elf:1    | Noticed a caustic shrike (glowing shapeshifter)
 24553 | Elf:1    | a caustic shrike changed into an iron dragon
 24637 | Elf:1    | Noticed an acid blob
 24637 | Elf:1    | an acid blob changed into a golden dragon
 24637 | Elf:1    | Noticed a golden dragon (glowing shapeshifter)
 24650 | Elf:1    | Noticed an acid blob
 24652 | Elf:1    | Noticed a golden dragon
 24688 | Elf:2    | Gained mutation: Armour fits poorly on your strangely
                  | shaped body. [hidden defects]
 24783 | Elf:2    | Lost mutation: You have a pair of small horns on your head.
                  | [potion of mutation]
 24783 | Elf:2    | Lost mutation: You possess an exceptional clarity of mind.
                  | [potion of mutation]
 24783 | Elf:2    | Lost mutation: Armour fits poorly on your strangely shaped
                  | body. [potion of mutation]
 24783 | Elf:2    | Gained mutation: You expend magic power (3 MP) to
                  | strengthen your wands. [potion of mutation]
 24783 | Elf:2    | Gained mutation: Your mind is acute. (Int +4, Str/Dex -1)
                  | [potion of mutation]
 24783 | Elf:2    | Gained mutation: You have supernaturally acute eyesight.
                  | (SInv) [potion of mutation]
 24784 | Elf:2    | Lost mutation: You have supernaturally acute eyesight.
                  | (SInv) [potion of mutation]
 24784 | Elf:2    | Lost mutation: You have hidden genetic defects. [potion of
                  | mutation]
 24784 | Elf:2    | Gained mutation: You are weak. (Str -2) [potion of
                  | mutation]
 24784 | Elf:2    | Gained mutation: You have a pair of small antennae on your
                  | head. [potion of mutation]
 24971 | Elf:2    | Found Kigea's Armour Shop.
 25495 | Elf:2    | Found a runed translucent gate.
 25495 | Elf:2    | Found a runed translucent gate.
 25495 | Elf:2    | Found a runed translucent gate.
 25658 | Elf:2    | Reached XP level 17. HP: 67/168 MP: 31/31
 25668 | Elf:2    | Your ally Ognian died
 26798 | Elf:3    | Entered Level 3 of the Elven Halls
 26798 | Elf:3    | Noticed Bai Suzhen
 26826 | Elf:3    | Killed Bai Suzhen
 27223 | Elf:3    | Found a magical portal.
 27275 | WizLab   | Entered Iskenderun's Mystic Tower
 27366 | Elf:3    | Paralysed by an air elemental for 1 turns
 27844 | Elf:3    | Noticed a deep elf blademaster
 27852 | Elf:3    | Killed a deep elf blademaster
 27862 | Abyss:3  | Cast into level 3 of the Abyss (a deep elf sorcerer)
 27999 | Abyss:3  | Gained Borgun as an ally
 28117 | Abyss:3  | Noticed a tentacled starspawn
 28122 | Abyss:3  | Killed a tentacled starspawn
 28126 | Abyss:3  | Your ally Borgun died
 28139 | Abyss:3  | Reached skill level 1 in Spellcasting
 28140 | Abyss:3  | Found a corrupted altar of Lugonu.
 28231 | Abyss:3  | Gained Margrim as an ally
 28293 | Abyss:3  | Found a corrupted altar of Lugonu.
 28293 | Abyss:3  | Gained mutation: Potions are less effective at restoring
                  | your health. [a neqoxec]
 28315 | Abyss:3  | Your ally Margrim died
 28366 | Abyss:3  | Mangled by a reaper

Illustrated notes

Levels and vault maps discovered:
D:1:      dpeg_arrival_short_road, layout_basic,
          dreamdust_ecumenical_altar_hidden_monk_grotto, chequers_mini_garden
D:2:      minmay_chambers_of_ones, layout_basic, nicolae_half_adder,
          uniq_jessica
D:3:      layout_basic, serial_shops, shop, portal_sewer_entry_a,
          kennysheep_generic_room_5, uniq_terence
D:4:      minmay_evil_eye, layout_loops_cross, uniq_pikel
D:5:      layout_cave_pools, kennysheep_boxes
D:6:      layout_loops_ring, nicolae_wu_jian_wuxing_cycle,
          kennysheep_little_box, minmay_temple_entry_steel_oval
D:7:      minmay_klotski, layout_basic, xom_confusion_cloud,
          mainiacjoe_overflow_surrounded_room, uniq_menkaure
D:8:      layout_cave_pools, mainiacjoe_overflow_alcove_2,
          mainiacjoe_overflow_small_starburst, okawaru_altar_gauntlet_db,
          serial_gnoll_camp, gnoll_camp_huts_moat, gnoll_camp_mini_hut,
          gnoll_camp_medium_02, gnoll_camp_mini_sergeant, gnoll_camp_mini_house,
          gnoll_camp_mini_basic, grunt_decor_one_mirror, uniq_grum, uniq_joseph
D:9:      layout_cave_pools, gammafunk_temple_overflow_statue,
          chequers_decorated_corner, nicolae_transporter_intersection
D:10:     layout_roguey, gammafunk_temple_overflow_elements,
          nicolae_overflow_crystal_walls, dk_rats_in_the_wall
D:11:     layout_irregular_city, lair_entry_dummy, orc_0_dummy,
          amcnicky_mini_pool_medium
Temple:   hellmonk_temple_beads
Lair:1:   layout_small_grid, enter_volcano_2, chequers_serial_rivers_room_b
Lair:2:   layout_big_grid, lemuel_fruit_fields, infiniplex_staircase_pool,
          uniq_nergalle
Lair:3:   layout_chaotic_city, minmay_shoals_entry_beasts,
          spider_nest_entry_funnel_web, grunt_megastairs_2,
          infiniplex_staircase_pool_2
Shoals:1: layout_shoals, uniq_louise
Shoals:2: layout_shoals, nicolae_shoals_water_shrine, uniq_mlioglotl,
          uniq_donald
Shoals:3: layout_shoals, serial_shops, nicolae_book_shop_shelving, uniq_ilsuiw
Shoals:4: shoals_end_hangedman, layout_shoals, shoal_ilsuiw
Spider:1: layout_spider_delve
Spider:2: layout_spider_delve, uniq_nikola, uniq_roxanne
Spider:3: layout_spider_delve
Spider:4: floodkiller_spider_rune_tomb, hangedman_spider_mandibles
Orc:1:    layout_caves
Orc:2:    st_orc_pillars, layout_diamond_mine, serial_shops,
          nicolae_shop_hallway_plus, hangedman_minor_magic
Elf:1:    layout_onion_city, gammafunk_ghost_berserking_beasts, serial_glass,
          glass_columns_a, glass_columns_a, minivault_28
Elf:2:    nicolae_elf_blades_splatter_lattice
          [nicolae_blade_entry_floor_patterns], layout_geoelf_grid,
          serial_shops, shop
Elf:3:    minmay_elf_hall_x, layout_geoelf_diagonals,
          infiniplex_enter_wizlab_glasses, glass_columns_c, uniq_bai_suzhen
Abyss:3:  base:
D:8

Skill      XL: |  1  2  3  4  5  6  7  8  9 10 11 12 13 14 15 16 17 |
---------------+----------------------------------------------------+-----
Axes           | 3 4 5 7 8 10 11 13 15 16 | 16.1
Invocations    | 1 2 3 4 6 7 9 11 13 15 17 18 20 | 20.0
Fighting       | 4 5 7 8 9 10 12 14 16 17 19 20 | 20.0
Shields        | 4 5 6 7 8 9 10 | 10.0
Armour         | 4 5 6 7 8 10 | 10.0
Evocations     | 5 8 11 13 | 13.0
Spellcasting   | 4 |  4.1

Action                     |  1- 3 |  4- 6 |  7- 9 | 10-12 | 13-15 | 16-18 || total
---------------------------+-------+-------+-------+-------+-------+-------++-------
  Melee: War axe           |    76 |    42 |       |       |       |   261 ||   379
         Hand axe          |       |   129 |   283 |   579 |   626 |   212 ||  1829
         Headbutt          |       |       |       |       |   159 |    40 ||   199
  Throw: Dart              |       |       |       |     3 |       |       ||     3
 Invoke: Convert to Beogh  |       |       |     1 |       |       |       ||     1
         Recall Orcish Fol |       |       |       |     5 |    14 |    11 ||    30
         Give Item to Name |       |       |       |     2 |     2 |       ||     4
         Smiting           |       |       |       |       |     1 |       ||     1
         Resurrection      |       |       |       |       |     1 |     2 ||     3
  Evoke: Wand              |       |     4 |     4 |     8 |     5 |    19 ||    40
         Lightning rod     |       |       |       |     4 |     2 |     7 ||    13
    Use: Scroll            |       |    12 |     5 |     7 |    10 |    10 ||    44
         Potion            |       |     1 |       |     7 |    12 |    13 ||    33
   Stab: Invisible         |       |     1 |       |     3 |       |     5 ||     9
         Distracted        |       |       |       |     4 |     7 |     3 ||    14
         Paralysed         |       |       |       |       |       |     4 ||     4
 Armour: Chain mail        |    47 |    91 |   138 |       |       |       ||   276
         Scale mail        |     3 |       |       |       |       |       ||     3
         Plate armour      |       |       |    42 |   322 |   443 |   276 ||  1083
  Dodge: Dodged            |    26 |    65 |   114 |   137 |   113 |    67 ||   522
  Block: Buckler           |    20 |    32 |    53 |       |       |       ||   105
         Kite shield       |       |       |    30 |   215 |       |       ||   245
         Tower shield      |       |       |       |   122 |   545 |   527 ||  1194
         Reflection        |       |       |       |       |    19 |    42 ||    61
